 Dungeon Crawl Stone Soup version 0.30-a0-799-g109b55a442 (webtiles) character file.

Game seed: 3849870389226195814

6419 domi the Destroyer (level 10, 0/63 HPs)
             Began as a Demonspawn Conjurer on Feb 20, 2023.
             Was an Initiate of Gozag.
             Killed from afar by a steam dragon (17 damage)
             ... with a ball of steam
             ... on level 10 of the Dungeon.
             The game lasted 00:33:39 (11105 turns).

domi the Destroyer (Demonspawn Conjurer)           Turns: 11105, Time: 00:33:40

Health: 0/63       AC:  7    Str:  8    XL:     10   Next: 66%
Magic:  8/17       EV: 12    Int: 23    God:    Gozag
Gold:   345        SH:  0    Dex: 12    Spells: 1/19 levels left

rFire   . . .      SeeInvis .    j - +2 dagger (vamp) {!w}
rCold   . . .      Faith    .    (no shield)
rNeg    . . .      Spirit   .    a - +0 robe
rPois   .          Reflect  .    (helmet restricted)
rElec   .          Harm     .    w - +1 cloak
rCorr   +          Rampage  .    (no gloves)
Will    .....                    d - +0 pair of boots
Stlth   ++                       o - amulet of regeneration {+regen, !d}
HPRegen 1.10/turn                l - ring of resist corrosion
MPRegen 0.15/turn                (no ring)

@: no status effects
A: horns 1, slimy green scales 1, spiny 1, demonic magic 1
a: Renounce Religion, Potion Petition, Call Merchant, Bribe Branch


You were on level 10 of the Dungeon.
You worshipped Gozag.
Gozag was aware of your devotion.
You visited 2 branches of the dungeon, and saw 11 of its levels.

You collected 1165 gold pieces.
You spent 710 gold pieces at shops.
You paid 110 gold pieces to Gozag.

Inventory:

Hand Weapons
 j - a +2 vampiric dagger (weapon) {!w}
   (You took it off a goblin on level 1 of the Dungeon)
Missiles
 r - 5 silver javelins (quivered)
 s - 5 silver boomerangs
Armour
 a - a +0 robe (worn)
 d - a +0 pair of boots (worn)
   (You found it on level 1 of the Dungeon)
 f - +1 pearl dragon scales {rN+}
   (You found it on level 1 of the Dungeon)
 w - a +1 cloak (worn)
   (You found it on level 4 of the Dungeon)
Jewellery
 l - a ring of resist corrosion (left hand)
   (You found it on level 2 of the Dungeon)
 o - an amulet of regeneration (around neck) {+regen, !d}
   (You found it on level 3 of the Dungeon)
 x - an amulet of guardian spirit {Spirit}
   (You found it on level 5 of the Dungeon)
 H - a ring of fire {rF+, rC-}
   (You found it on level 7 of the Dungeon)
 L - a +4 ring of protection
   (You found it on level 6 of the Dungeon)
 P - a ring of positive energy {rN+}
   (You found it on level 9 of the Dungeon)
Wands
 C - a wand of flame (27)
   (You found it on level 8 of the Dungeon)
 D - a wand of digging (1)
   (You found it on level 5 of the Dungeon)
 G - a wand of roots (4)
   (You found it on level 7 of the Dungeon)
 I - a wand of paralysis (1)
   (You found it on level 7 of the Dungeon)
Scrolls
 b - a scroll of magic mapping {!r}
 e - a scroll of identify {@r1}
 h - a scroll of blinking
 i - 4 scrolls of teleportation {@r4}
 k - 2 scrolls of poison {!r}
 m - 5 scrolls of enchant weapon
 n - a scroll of immolation {!r!r}
 p - 2 scrolls of amnesia
 v - 2 scrolls of silence {!r!r}
 y - a scroll of brand weapon
Potions
 c - 2 potions of brilliance
 g - 5 potions of curing {@q1}
 t - 2 potions of mutation {!q!q}
 u - 2 potions of lignification {!q!q}
 z - 2 potions of invisibility
 A - a potion of berserk rage {!q!q}
 B - 2 potions of resistance
 F - a potion of haste {@q3}
 M - a potion of magic
 N - a potion of flight


   Skills:
 - Level 2.1 Armour
 - Level 1.7 Dodging
 - Level 1.7 Stealth
 - Level 5.0 Spellcasting
 + Level 11.2 Conjurations
 + Level 4.5 Hexes
 - Level 5.0 Translocations
 + Level 2.3 Ice Magic
 + Level 7.1 Air Magic


You had one spell level left.
You knew the following spells:

 Your Spells              Type           Power      Damage    Failure   Level
b - Blink                 Tloc           56%        N/A       1%          2
c - Iskenderun's Mystic   Conj/Tloc      43%        2d10      3%          4
x - Searing Ray           Conj           100%       2d8       1%          2
y - Shock                 Conj/Air       100%       1d9       1%          1
X - Freezing Cloud        Conj/Ice/Air   18%        6-21      16%         5
Z - Fulminant Prism       Conj/Hex       20%        3d12      3%          4

Your spell library contained the following spells:

 Spells                   Type           Power      Damage    Failure   Level
 Magic Dart               Conj           100%       1d8       1%          1
 Freeze                   Ice            64%        1d7       3%          1
 Lesser Beckoning         Tloc           56%        N/A       1%          2
 Momentum Strike          Conj/Tloc      86%        3d10      1%          2
 Dazzling Flash           Conj/Hex       82%        N/A       1%          3
 Hailstorm                Conj/Ice       36%        3d9       1%          3
 Swiftness                Air            38%        N/A       1%          3
 Vhi's Electric Charge    Tloc/Air       66%        N/A       2%          3
 Airstrike                Air            19%        2d(3-19)  4%          4
 Kindle Blastsparks       Fire/Tloc/Air  48%        2d14      5%          3
 Arcjolt                  Conj/Air       24%        1d34      6%          5
 Lightning Bolt           Conj/Air       24%        1d39      6%          5
 Frozen Ramparts          Ice            32%        1d5       11%         3
 Ozocubu's Armour         Ice            16%        N/A       11%         3
 Ice Form                 Ice/Tmut       11%        N/A       50%         4
 Metabolic Englaciation   Hex/Ice        10%        N/A       54%         5
 Petrify                  Tmut/Erth      5%         N/A       67%         4
 Lee's Rapid Deconstruct  Erth           2%         3d5*      95%         5
 Statue Form              Tmut/Erth      3%         N/A       100%        6
 Maxwell's Capacitive Co  Air            19%        ∞         100%        8
 Polar Vortex             Ice            8%         N/A       100%        9
 Simulacrum               Ice/Necr       Unusable   N/A       N/A         6

Dungeon Overview and Level Annotations

Branches:
Dungeon (10/15)            Temple (1/1) D:5             Orc (0/2) D:10
   Lair: D:8-11

Altars:
Dithmenos
Fedhas
Gozag
Hepliaklqana
Okawaru
Sif Muna
Uskayaw
Xom

Shops:
D:2 :   D:3 *

Annotations:
D:4 1 transporter, Esekla's ghost, weakling OpDe


Innate Abilities, Weirdness & Mutations

You have a pair of small horns on your head.
You are partially covered in slimy green scales. (AC +2)
You are partially covered in sharp spines.
Spells you cast may paralyse adjacent enemies.


Message History

Your +1 dagger of draining thirsts for the lives of mortals!
j - a +1 vampiric dagger (weapon)
As you read the scroll labelled KEPTOPS IKLIR, it crumbles to dust.
It is a scroll of enchant armour.
Your +0 pearl dragon scales {rN+} glow green for a moment.
As you read the scroll labelled LIUM ROJIET, it crumbles to dust.
It is a scroll of enchant weapon.
Your +1 vampiric dagger {!w} glows red for a moment.
As you read the scroll labelled RADEOLONOF, it crumbles to dust.
The scroll dissolves into smoke.
It was a scroll of fog.
As you read the scroll labelled TITIUR HEEFOGG, it crumbles to dust.
The air around you briefly surges with heat, but it dissipates.
It was a scroll of immolation.
As you read the scroll labelled WAEHYA JIFUHAYTZ, it crumbles to dust.
You hear a loud clanging noise!
It was a scroll of noise.
As you read the scroll labelled XEAGELI WENOT, it crumbles to dust.
Magic quickly surges around you.
It was a scroll of vulnerability.
As you read the scroll labelled XUIPETTEENUNT, it crumbles to dust.
You feel aware of your surroundings.
You sensed 1 altar.
It was a scroll of magic mapping.
As you read the scroll of identify {@r1}, it crumbles to dust.
u - 2 potions of lignification
As you read the scroll of identify {@r1}, it crumbles to dust.
E - 2 potions of degeneration
As you read the scroll of identify {@r1}, it crumbles to dust.
c - 2 potions of brilliance
As you read the scroll of identify {@r1}, it crumbles to dust.
t - 2 potions of mutation
As you read the scroll of identify {@r1}, it crumbles to dust.
z - 2 potions of invisibility
As you read the scroll of identify {@r1}, it crumbles to dust.
B - 2 potions of resistance
As you read the scroll of identify {@r1}, it crumbles to dust.
g - 5 potions of curing
As you read the scroll of identify {@r1}, it crumbles to dust.
A - a potion of berserk rage
As you read the scroll of identify {@r1}, it crumbles to dust.
F - a potion of haste
As you read the scroll of identify {@r1}, it crumbles to dust.
N - a potion of flight You drop a scroll of noise {!r}.
You drop 2 potions of degeneration {!q}.
You start waiting.
You feel your willpower return.
Okay, then.
Okay, then.
Forget Magic Dart, freeing 1 spell level for a total of 1?
Your memory of Magic Dart unravels.
Found a glowing giant club.
A steam dragon comes into view.
Okay, then.
Unknown command.
Aim: a steam dragon (asleep, 100% to hit)
The zap hits the steam dragon!
The steam dragon hisses angrily.
Malevolent energies surge around you.
Aim: a steam dragon (moderately wounded, 74% to hit)
The zap hits the steam dragon!
Malevolent energies surge around you.
Aim: a steam dragon (heavily wounded, 74% to hit)
The zap misses the steam dragon.
Malevolent energies surge around you.
Aim: a steam dragon (heavily wounded, 74% to hit)
The zap misses the steam dragon.
Malevolent energies surge around you.
Aim: a steam dragon (heavily wounded, 74% to hit)
The zap hits the steam dragon.
Malevolent energies surge around you.
Aim: a steam dragon (heavily wounded, 74% to hit)
The zap misses the steam dragon.
Malevolent energies surge around you. The steam dragon breathes steam at you.
The ball of steam hits you!
Aim: a steam dragon (heavily wounded, 74% to hit)
The zap hits the steam dragon.
Malevolent energies surge around you.
You are engulfed in a cloud of scalding steam.
Aim: a steam dragon (steam, heavily wounded, 74% to hit)
The zap hits the steam dragon.
Malevolent energies surge around you.
The steam dragon suddenly stops moving!
You are engulfed in a cloud of scalding steam.
The helpless steam dragon fails to defend itself.
You hit the steam dragon. You headbutt the steam dragon.
You are engulfed in a cloud of scalding steam.
The steam dragon is no longer paralysed.
The steam dragon breathes steam at you. The ball of steam hits you!
You hit the steam dragon.
You punch the steam dragon, but do no damage.
The steam dragon bites you. The steam dragon barely misses you.
You hit the steam dragon but do no damage.
You are engulfed in a cloud of scalding steam.
* * * LOW HITPOINT WARNING * * *
The steam dragon is struck by your spines.
The steam dragon closely misses you. The steam dragon claws you.
* * * LOW HITPOINT WARNING * * *
Aim: a steam dragon (almost dead, catching its breath, 74% to hit)
The zap misses the steam dragon.
Malevolent energies surge around you. The steam dragon closely misses you.
The steam dragon misses you.
Aim: a steam dragon (almost dead, 74% to hit)
The zap hits the steam dragon.
Malevolent energies surge around you. The steam dragon breathes steam at you.
The ball of steam hits you!
You die...
Your body crumbles into a pile of gold.

#####################
#..§§§...............
#).§.###.............
#..§§# #...####.###..
#...§# #...# #.# #..
#...@# #...# #.# #..
#...D# #...# #.# #..
#....# #...# #.# #..
#....# #...# #.# #..
#....# *,,,* #.# #..
#....# *,,,* #.# *,,
#....#**,,,* *,***,,
#.....,,,,,* *,,>,,,
*,,,,,,,,,,* *,,,,,,


You could see a steam dragon (catching breath).

Vanquished Creatures
  2 two-headed ogres
  Pikel (D:4)
  Grinder (D:3)
  A hornet (D:7)
  A shadow (D:9)
  2 wyverns
  A steam dragon (D:8)
  An acid dragon (D:8)
  3 water moccasins
  2 ice beasts (D:7)
  A black bear (D:5)
  2 ogres
  2 orc warriors
  2 centaurs
  A lemure (D:4)
  2 phantoms
  3 bullfrogs
  2 kobold brigands
  2 necrophages
  3 gnoll sergeants
  A scorpion (D:4)
  13 wights
  3 howler monkeys
  A jelly (D:5)
  4 orc priests
  4 hounds
  Natasha (thrice) (D:4)
  2 iguanas
  7 orc wizards
  21 gnolls
  4 adders
  4 white imps
  4 ufetubi
  4 dart slugs
  30 orcs
  5 endoplasms
  2 giant cockroaches (D:3)
  5 goblins
  12 hobgoblins
  2 jackals (D:4)
  14 kobolds
  2 quokkas
  10 ball pythons
  4 bats
  3 frilled lizards
  4 rats
203 creatures vanquished.

Vanquished Creatures (others)
  An orc (D:8)
  A quokka (D:5)
  32 fulminant prisms
  4 plants (D:5)
38 creatures vanquished.

Grand Total: 241 creatures vanquished

Notes
Turn   | Place    | Note
-------+----------+-------------------------------------------
     0 | D:1      | domi the Demonspawn Conjurer began the quest for the Orb.
     0 | D:1      | Reached XP level 1. HP: 13/13 MP: 3/3
    36 | D:1      | HP: 3/13 [constriction (1)]
    43 | D:1      | HP: 2/13 [hobgoblin (2)]
    51 | D:1      | HP: 1/13 [hobgoblin (3)]
    58 | D:1      | Found a faded altar of an unknown god.
   273 | D:1      | You fall into a shaft and drop 1 floor!
   274 | D:2      | Found Nook's Book Shoppe.
   288 | D:1      | Gained mutation: You have a pair of small horns on your
                  | head. [demonic ancestry]
   288 | D:1      | Reached XP level 2. HP: 15/19 MP: 0/5
   407 | D:1      | Learned a level 2 spell: Searing Ray
   637 | D:1      | Reached skill level 1 in Armour
  1331 | D:2      | Reached XP level 3. HP: 24/24 MP: 1/6
  1765 | D:2      | Reached skill level 2 in Armour
  1765 | D:2      | Reached skill level 5 in Conjurations
  1897 | D:2      | Gained mutation: You are partially covered in sharp spines.
                  | [demonic ancestry]
  1897 | D:2      | Reached XP level 4. HP: 30/30 MP: 4/7
  2015 | D:3      | Learned a level 4 spell: Iskenderun's Mystic Blast
  2255 | D:3      | Found Zycay's General Store.
  2401 | D:3      | Bought a scroll of identify for 22 gold pieces
  2401 | D:3      | Bought a scroll of amnesia for 44 gold pieces
  2512 | D:3      | Noticed Grinder
  2515 | D:3      | Paralysed by Grinder for 5 turns
  2532 | D:3      | Killed Grinder
  2533 | D:3      | Reached skill level 7 in Conjurations
  2533 | D:3      | Gained mutation: Spells you cast may paralyse adjacent
                  | enemies. [demonic ancestry]
  2533 | D:3      | Reached XP level 5. HP: 13/35 MP: 3/8
  2533 | D:3      | Reached XP level 6. HP: 15/41 MP: 3/9
  3385 | D:4      | Found a shimmering blue altar of Sif Muna.
  3547 | D:4      | Noticed Natasha
  3552 | D:4      | Killed Natasha
  3597 | D:4      | Reached skill level 8 in Conjurations
  3597 | D:4      | Reached XP level 7. HP: 46/46 MP: 5/10
  3690 | D:4      | Reached skill level 1 in Translocations
  3800 | D:4      | Noticed Natasha
  3807 | D:4      | Killed Natasha
  3873 | D:4      | Reached skill level 3 in Spellcasting
  3873 | D:4      | Reached skill level 2 in Translocations
  3939 | D:4      | Learned a level 4 spell: Fulminant Prism
  4059 | D:4      | Noticed Pikel
  4075 | D:4      | Killed Pikel
  4076 | D:4      | Reached skill level 4 in Spellcasting
  4076 | D:4      | Reached skill level 4 in Translocations
  4076 | D:4      | Reached XP level 8. HP: 33/52 MP: 3/14
  4158 | D:4      | Learned a level 2 spell: Blink
  4202 | D:4      | Noticed Natasha
  4213 | D:4      | Killed Natasha
  4645 | D:4      | Found a transporter.
  4645 | D:4      | Noticed Esekla's ghost (weakling OpDe)
  4733 | D:5      | Entered Level 5 of the Dungeon
  4859 | D:5      | Reached skill level 5 in Spellcasting
  4913 | D:5      | Learned a level 1 spell: Shock
  5203 | D:5      | Reached skill level 5 in Translocations
  5263 | D:5      | Reached skill level 1 in Air Magic
  5581 | D:5      | Reached skill level 2 in Air Magic
  5900 | D:5      | Found a staircase to the Ecumenical Temple.
  5909 | Temple   | Entered the Ecumenical Temple
  5946 | Temple   | Became a worshipper of Gozag Ym Sagoz the Greedy
  6163 | D:6      | Reached skill level 3 in Air Magic
  6163 | D:6      | Gained mutation: You are partially covered in slimy green
                  | scales. (AC +2) [demonic ancestry]
  6163 | D:6      | Reached XP level 9. HP: 57/57 MP: 7/16
  6227 | D:6      | Noticed a two-headed ogre
  6407 | D:7      | Reached skill level 9 in Conjurations
  6657 | D:7      | Found a shadowy altar of Dithmenos.
  6735 | D:7      | Reached skill level 4 in Air Magic
  7240 | D:7      | Paralysed by a hornet for 1 turns
  7242 | D:7      | Reached skill level 5 in Air Magic
  7246 | D:7      | Reached skill level 10 in Conjurations
  7823 | D:8      | Reached skill level 1 in Hexes
  8130 | D:8      | Reached skill level 2 in Hexes
  8130 | D:8      | Reached skill level 6 in Air Magic
  8130 | D:8      | Reached XP level 10. HP: 57/63 MP: 9/17
  9250 | D:5      | Noticed a two-headed ogre
  9271 | D:5      | Killed a two-headed ogre
  9272 | D:5      | Reached skill level 3 in Hexes
  9475 | D:2      | Bought a book of Ice for 644 gold pieces
  9481 | D:2      | Learned a level 5 spell: Freezing Cloud
  9994 | D:6      | Killed a two-headed ogre
  9995 | D:6      | Reached skill level 11 in Conjurations
  9995 | D:6      | Reached skill level 4 in Hexes
  9995 | D:6      | Reached skill level 1 in Ice Magic
 10334 | D:9      | Reached skill level 2 in Ice Magic
 10334 | D:9      | Reached skill level 7 in Air Magic
 10649 | D:9      | Found a blossoming altar of Fedhas.
 10873 | D:10     | Entered Level 10 of the Dungeon
 10887 | D:10     | Identified a scroll of acquirement
 10887 | D:10     | Acquired domi's Dissertation on the Nimbus and Firn
 11103 | D:10     | HP: 15/63 [steam dragon (3)]
 11105 | D:10     | Killed from afar by a steam dragon

Illustrated notes

Levels and vault maps discovered:
D:1:      dpeg_arrival_pond, layout_basic, basic_ecumenical_altar
D:2:      layout_loops_ring, serial_shops, shop
D:3:      layout_basic, serial_shops, nicolae_shop_waterfront,
          kennysheep_generic_room_10, uniq_grinder
D:4:      layout_basic, nicolae_sif_muna_condensation,
          gammafunk_ghost_mausoleum, uniq_pikel, uniq_natasha
D:5:      layout_basic, elyvilon_altar_4, minmay_temple_entry_gardened_gates
D:6:      layout_rooms
D:7:      layout_gridville, nicolae_dithmenos_through_a_glass_darkly
D:8:      layout_cave_pools
D:9:      layout_cross, kennysheep_mini_moat
D:10:     layout_long_grid, mainiacjoe_overflow_chevrons,
          kennysheep_orc_monster_closet_entryway, minmay_fountain_box,
          uniq_sonja
Temple:   bh_familiar_temple

Skill      XL: |  1  2  3  4  5  6  7  8  9 10 |
---------------+-------------------------------+-----
Armour         | 1 2 |  2.1
Conjurations   | 5 7 8 10 11 | 11.2
Translocations | 4 5 |  5.0
Spellcasting   | 4 5 |  5.0
Air Magic      | 3 6 7 |  7.1
Hexes          | 2 4 |  4.5
Ice Magic      | 2 |  2.3
Dodging        | |  1.7
Stealth        | |  1.7

Action                     |  1- 3 |  4- 6 |  7- 9 | 10-12 || total
---------------------------+-------+-------+-------+-------++-------
  Melee: Unarmed           |    37 |       |       |       ||    37
         Headbutt          |     1 |     2 |     8 |     1 ||    12
         Dagger            |     4 |     7 |    34 |    13 ||    58
         Punch             |       |       |       |     1 ||     1
  Throw: Stone             |     5 |       |       |       ||     5
   Cast: Magic Dart        |    59 |    85 |    65 |       ||   209
         Searing Ray       |     2 |     3 |     2 |       ||     7
         Shock             |       |       |   188 |    80 ||   268
         Iskenderun's Myst |       |       |     4 |     5 ||     9
         Fulminant Prism   |       |       |     8 |    24 ||    32
  Evoke: Wand              |       |       |     9 |     6 ||    15
    Use: Potion            |       |     1 |       |       ||     1
         Scroll            |       |       |       |    24 ||    24
   Stab: Paralysed         |       |       |    15 |     2 ||    17
 Armour: Robe              |    38 |     2 |    12 |    12 ||    64
  Dodge: Dodged            |    91 |    14 |    69 |    21 ||   195

Table legend: (Time is in decaauts)
 A = Elapsed time spent in this place.
 B = Non-inter-level travel time spent in this place.
 C = Inter-level travel time spent in this place.
 D = Time resting spent in this place.
 E = Time spent auto-exploring this place.
 F = Levels seen in this place.
 G = Mean time per level.
                   A        B        C        D        E       F      G
               +--------+--------+--------+--------+--------+-----+--------+
         Total |  11127 |  10374 |    753 |   2391 |   6489 |  11 | 1011.5 |
       Dungeon |  11072 |  10335 |    737 |   2391 |   6460 |  10 | 1107.2 |
        Temple |     54 |     38 |     16 |      0 |     29 |   1 |   54.0 |
               +--------+--------+--------+--------+--------+-----+--------+

Top non-repeatable levels by time:
     D:7: 1958 daAuts
     D:5: 1593 daAuts
     D:4: 1405 daAuts
     D:3: 1288 daAuts
     D:1: 1201 daAuts
     D:2: 1062 daAuts
     D:8: 926 daAuts
     D:6: 804 daAuts
     D:9: 608 daAuts
    D:10: 224 daAuts
  Temple: 54 daAuts

Table legend:
 A = Kills in this place as a percentage of kills in entire the game.
 B = Kills by you in this place as a percentage of kills by you in the entire game.
 C = Kills by friends in this place as a percentage of kills by friends in the entire game.
 D = Other kills in this place as a percentage of other kills in the entire game.
 E = Experience gained in this place as a percentage of experience gained in the entire game.
 F = Experience gained in this place divided by the number of levels of this place that you have seen.
                   A       B       C       D       E      F
               +-------+-------+-------+-------+-------+----------------------
         Total | 100.0 | 100.0 |   N/A |   N/A | 100.0 | 833.6
       Dungeon | 100.0 | 100.0 |   N/A |   N/A | 100.0 | 917.0
               +-------+-------+-------+-------+-------+----------------------
